 Dungeon Crawl Stone Soup version 0.30.0-5-g1a98f26d00 (webtiles) character file.

Game seed: 5095235077828281503

0 Edyrem the Trooper (level 1, 0/14 HPs)
             Began as a Gargoyle Monk on May 10, 2023.
             Slain by a quokka (4 damage)
             ... on level 1 of the Dungeon.
             The game lasted 00:00:14 (37 turns).

Edyrem the Trooper (Gargoyle Monk)                    Turns: 37, Time: 00:00:15

Health: 0/14       AC:  4    Str: 14    XL:     1   Next: 10%
Magic:  1/1        EV: 12    Int: 10    God:
Gold:   0          SH:  0    Dex: 12    Spells: 0/0 levels left

rFire   . . .        a - +0 mace
rCold   . . .        d - orb {light}
rNeg    + . .        b - +0 robe
rPois   ∞            (no helmet)
rElec   +            (no cloak)
rCorr   .            (no gloves)
SInv    .            (no boots)
Will    .....        (no amulet)
Stlth   +            (no ring)
HPRegen 0.22/turn    (no ring)
MPRegen 0.07/turn

%: no passive effects
@: glowing
A: sickness immunity, AC +2, negative energy resistance 1, electricity
resistance, torment resistance 1, petrification resistance
a: no special abilities


You were on level 1 of the Dungeon.
You visited 1 branch of the dungeon, and saw 1 of its levels.

Inventory:

Hand Weapons
 a - a +0 mace (weapon)
Armour
 b - a +0 robe (worn)
 d - an orb of light (worn)
Potions
 c - a potion of ambrosia


   Skills:
 * Level 3.3 Fighting
 + Level 3.0 Maces & Flails
 - Level 2.4 Dodging


You couldn't memorise any spells.
You didn't know any spells.
Your spell library contained the following spells:

 Spells                   Type           Power      Damage    Failure   Level
 Freeze                   Ice            0%         1d3       36%         1
 Frozen Ramparts          Ice            0%         1d1       75%         3
 Hailstorm                Conj/Ice       0%         3d3       75%         3


Dungeon Overview and Level Annotations

Branches:
Dungeon (1/15)

Altars:


Innate Abilities, Weirdness & Mutations

You are immune to sickness and miasma.
Your stone body is resilient. (AC +2)
You are immune to poison.
You resist negative energy. (rN+)
You are resistant to electric shocks. (rElec)
You are resistant to unholy torment.
You are immune to petrification.


Message History

The astounding Orb of Zot lies far below, as if waiting for you to find it.
Press ? for a list of commands and other information.
Found a staircase leading out of the dungeon.
Your library has no spells.
You open the gate.
There is an open gate here.
You pick up a book of Frost and begin reading...
You add the spells Freeze, Frozen Ramparts and Hailstorm to your library.
A hobgoblin comes into view.
The hobgoblin shouts!
A ball python comes into view.
The ball python hisses angrily.
Found 13 gold pieces.
A quokka comes into view.
The hobgoblin hits you.
You hit the hobgoblin.
The hobgoblin is almost dead.
The ball python barely misses you. x2; The hobgoblin barely misses you.
You hit the hobgoblin but do no damage.
The hobgoblin is almost dead.
The ball python bites you but does no damage.
The ball python barely misses you. The hobgoblin hits you.
An endoplasm comes into view.
The ball python bites you. The ball python grabs you.
The ball python constricts you.
You are too injured to fight recklessly!
You are too injured to fight recklessly!
You are too injured to fight recklessly!
The ball python's grasp on you weakens, but your attempt to escape fails.
The endoplasm quivers.
The ball python bites you. The ball python constricts you.
* * * LOW HITPOINT WARNING * * *
The hobgoblin barely misses you.
You hit the ball python.
You kill the ball python!
The hobgoblin misses you.
You hit the hobgoblin.
You kill the hobgoblin!
The quokka bites you.
You die...

..............
..........$.... ...⌠.
........#...#... ....⌠
.......J......... ......
....#............ .....
......#...#...#..
###...#####.....†r........
..#####...#.....@.........
8.......8.#..##..#...#...#
..........#..###.......!..
#.......###..# ##.........
#...<...#....####..#...#..
#.......#.................
#.......#....##..##.#.....
#.......#...............#.
#.......#....#...##.#.....


You could see an endoplasm and a quokka.

Vanquished Creatures
  A hobgoblin (D:1)
  A ball python (D:1)
2 creatures vanquished.

Notes
Turn   | Place    | Note
-------+----------+-------------------------------------------
     0 | D:1      | Edyrem the Gargoyle Monk began the quest for the Orb.
     0 | D:1      | Reached XP level 1. HP: 14/14 MP: 1/1
    37 | D:1      | Slain by a quokka

Illustrated notes

Levels and vault maps discovered:
D:1:      wander_arrival_estate, layout_basic, serial_shops, shop,
          kennysheep_doodads, nicolae_kite_square_tiling_tiny, minmay_tromino_v2

Action                     || total
---------------------------++-------
  Melee: Mace              ||     4
 Armour: Robe              ||     1
  Dodge: Dodged            ||     6
